 Dungeon Crawl Stone Soup version 0.31-a0-940-gdaa99269f9 (webtiles) character file.

Game seed: 15012981602995384625

44 Kurtz the Sneak (level 3, 0/29 HPs)
             Began as a Formicid Delver on Oct 20, 2023.
             Slain by Natasha (5 damage)
             ... on level 4 of the Dungeon.
             The game lasted 00:00:59 (372 turns).

Kurtz the Sneak (Formicid Delver)                    Turns: 372, Time: 00:01:00

Health: 0/29       AC:  3    Str: 18    XL:     3   Next: 87%
Magic:  3/3        EV: 12    Int:  9    God:
Gold:   1          SH:  0    Dex: 15    Spells: 2/2 levels left

rFire   . . .        a - +0 hand axe
rCold   . . .        (no shield)
rNeg    . . .        b - +0 leather armour
rPois   .            (helmet unavailable)
rElec   .            (no cloak)
rCorr   .            (no gloves)
SInv    +            (no boots)
Will    .....        (no amulet)
Stlth   +++          (no ring)
HPRegen 0.24/turn    (no ring)
MPRegen 0.08/turn

%: no passive effects
@: no status effects
A: permanent stasis, dig shafts and tunnels, antennae 3, four strong arms
a: Dig, Shaft Self


You were on level 4 of the Dungeon.
You visited 1 branch of the dungeon, and saw 2 of its levels.

You collected 1 gold pieces.

Inventory:

Hand Weapons
 a - a +0 hand axe (weapon)
Armour
 b - a +0 leather armour (worn)
Wands
 f - a wand of digging (3)
Scrolls
 c - a scroll of fog
 d - a scroll of revelation
 e - a scroll of fear
 g - a scroll of noise {unknown}


   Skills:
 - Level 3.2 Fighting
 * Level 3.9 Axes
 - Level 1.7 Dodging
 - Level 6.0 Stealth


You had 2 spell levels left.
You didn't know any spells.
Your spell library was empty.

Dungeon Overview and Level Annotations

Branches:
Dungeon (5/15)
 Temple: D:4-7

Altars:

Annotations:
D:4 Blork the orc, Natasha
D:5 exclusion: scorpion, Edmund


Innate Abilities, Weirdness & Mutations

You cannot be hasted, slowed, berserked, paralysed or teleported.
You can dig through walls and to a lower floor.
You have a pair of large antennae on your head. (SInv)
Your four strong arms can wield two-handed weapons with a shield.


Message History

Unknown command.
You hit the jackal but do no damage.
The jackal is moderately wounded.
You hit the orc. The jackal misses you. The orc hits you with a +0 war axe!
The jackal bites you.
Unknown command.
You hit the orc.
You kill the orc!
You hit the jackal.
You kill the jackal!
The jackal closely misses you.
You hit Natasha.
Natasha is lightly wounded.
You hit the jackal.
Natasha stares at you and mumbles some strange words.
You resist with some effort. The jackal barely misses you. Natasha claws you.
You are too injured to fight recklessly!
Unknown command.
You hit Natasha.
Natasha is heavily wounded.
You hit the jackal. The jackal closely misses you. The jackal bites you.
* * * LOW HITPOINT WARNING * * *
Natasha claws you.
* * * LOW HITPOINT WARNING * * *
You are too injured to fight recklessly!
You are too injured to fight recklessly!
Unknown command.
You hit Natasha.
Natasha is heavily wounded.
You hit the jackal.
You kill the jackal!
Natasha claws you but does no damage.
Unknown command.
You aren't carrying any potions.
Unknown command.
You hit Natasha.
Natasha is severely wounded.
Natasha claws you.
You die...
Natasha curls up and begins to purr.

##.........
#..#...#..
###..#.#>...
#........###
#...........
#..........#
#...........
#########.......#
.......@h.......+
#########.......#
......{.........#
#..h.{..........#
#.######........#
, #.#.######
#.#.# #.#.# #.#.#


You could see Natasha.

Vanquished Creatures
  A jelly (D:5)
  2 orcs (D:4)
  2 endoplasms (D:4)
  A hobgoblin (D:4)
  3 jackals (D:4)
  A quokka (D:4)
  A ball python (D:4)
11 creatures vanquished.

Notes
Turn   | Place    | Note
-------+----------+-------------------------------------------
     0 | D:5      | Kurtz the Formicid Delver began the quest for the Orb.
     0 | D:5      | Reached XP level 1. HP: 18/18 MP: 1/1
    22 | D:5      | Noticed a scorpion
    34 | D:5      | Noticed a jelly
    39 | D:5      | Killed a jelly
    40 | D:5      | Reached XP level 2. HP: 16/24 MP: 2/2
    40 | D:5      | Reached XP level 3. HP: 19/29 MP: 3/3
   113 | D:5      | Noticed Edmund
   249 | D:4      | Noticed Blork the orc
   356 | D:4      | Noticed Natasha
   372 | D:4      | Slain by Natasha

Illustrated notes

Levels and vault maps discovered:
D:4:      layout_basic, uniq_blork_the_orc, uniq_natasha, uniq_ijyb
D:5:      layout_loops_ring, minmay_temple_entry_offerings, uniq_edmund,
          uniq_duvessa, uniq_crazy_yiuf_cottage

Skill      XL: |  1 |
---------------+----+-----
Axes           | 3 |  3.9
Fighting       | |  3.2
Dodging        | |  1.7
Stealth        | |  6.0

Action                     || total
---------------------------++-------
  Melee: Hand axe          ||    25
   Stab: Sleeping          ||     2
 Armour: Leather armour    ||    16
  Dodge: Dodged            ||    24

Table legend: (Time is in decaauts)
 A = Elapsed time spent in this place.
 B = Non-inter-level travel time spent in this place.
 C = Inter-level travel time spent in this place.
 D = Time resting spent in this place.
 E = Time spent auto-exploring this place.
 F = Levels seen in this place.
 G = Mean time per level.
                   A        B        C        D        E       F      G
               +--------+--------+--------+--------+--------+-----+--------+
         Total |    374 |    374 |      0 |      0 |    160 |   2 |  187.0 |
       Dungeon |    374 |    374 |      0 |      0 |    160 |   2 |  187.0 |
               +--------+--------+--------+--------+--------+-----+--------+

Top non-repeatable levels by time:
     D:4: 244 daAuts
     D:5: 130 daAuts
